 Dungeon Crawl Stone Soup version 0.16-a0-223-g37887f7 (webtiles) character file.

154 MDvedh the Ruinous (level 5, -2/28 HPs)
             Began as a Deep Elf Conjurer on Aug 20, 2014.
             Slain by MDvedh's ghost (4 damage)
             ... on Level 3 of the Dungeon.
             The game lasted 00:03:43 (2478 turns).

MDvedh the Ruinous (Deep Elf Conjurer)              Turns: 2478, Time: 00:03:43

HP  -2/28        AC  2     Str  2      XL: 5   Next: 13%
MP  12/18        EV 13     Int 21      God:
Gold 80          SH  0     Dex 15      Spells:  2 memorised,  9 levels left

rFire  . . .     SeeInvis +     (no weapon)
rCold  . . .     Clarity  .     a - +0 robe
rNeg   . . .     rCorr    .     (no shield)
rPois  .         rRot     .     (no helmet)
rElec  .         Spirit   .     (no cloak)
SustAb .         Warding  .     (no gloves)
rMut   .         Stasis   .     (no boots)
Gourm  .                        e - amulet of rage
MR     .....                    q - ring of see invisible
                                g - cursed -3 ring of strength

@: not resistant to hostile enchantments, unstealthy
A: no striking features
a: Evoke Berserk Rage


You were on level 3 of the Dungeon.
You were not hungry.

You visited 1 branch of the dungeon, and saw 3 of its levels.

You collected 80 gold pieces.

Inventory:

Armour
 a - a +0 robe (worn)
Magical devices
 n - a wand of random effects (5) {unknown}
Comestibles
 b - 3 bread rations
Scrolls
 m - a scroll of identify {unknown}
Jewellery
 e - an amulet of rage (around neck)
 g - a cursed -3 ring of strength (left hand)
 q - a ring of see invisible (right hand)
Potions
 d - 2 potions of heal wounds {unknown}
 f - a potion of curing {unknown}
 h - a potion of degeneration {unknown}
 i - a potion of cure mutation {unknown}
 j - a potion of restore abilities {unknown}
 k - a potion of lignification {unknown}
 l - a potion of poison {unknown}
 o - a potion of haste {unknown}
 p - 2 potions of brilliance {unknown}
Books
 c - a book of Conjurations

   Spells                             Type                      Level
   *Magic Dart                        Conjuration                  1
   *Searing Ray                       Conjuration                  2
   Dazzling Spray                     Conjuration/Hexes            3
   Fulminant Prism                    Conjuration/Hexes            4
   Iskenderun's Mystic Blast          Conjuration                  4
   Iskenderun's Battlesphere          Conjuration/Charms           5


   Skills:
 - Level 2.4 Dodging
 - Level 2.4 Stealth
 - Level 4.0 Spellcasting
 + Level 6.7 Conjurations


You had 9 spell levels left.
You knew the following spells:

 Your Spells              Type           Power        Failure   Level  Hunger
a - Magic Dart            Conj           ####         1%          1    None
b - Searing Ray           Conj           ####..       1%          2    #......


Dungeon Overview and Level Annotations

Branches:
Dungeon (3/15)

Altars:
Yredelemnul

Annotations:
D:3 MDvedh's ghost, average DrCj


Message History

Casting: Magic Dart
Confirm with . or Enter, or press ? or * to list all spells.
Aiming: Searing Ray
Press: ? - help, Shift-Dir - straight line, f/p - MDvedh's ghost
Aim: MDvedh's ghost The searing ray hits MDvedh's ghost.
MDvedh's ghost is lightly damaged.
The searing ray misses MDvedh's ghost.
MDvedh's ghost gestures at you while chanting.
The orb of energy hits you!
* * * LOW HITPOINT WARNING * * *
The orb of energy explodes!
The searing ray hits MDvedh's ghost.
MDvedh's ghost is moderately damaged.
MDvedh's ghost hits you.
* * * LOW HITPOINT WARNING * * *
The searing ray hits MDvedh's ghost.
MDvedh's ghost is severely damaged.
MDvedh's ghost hits you.
You die...

##......#########.####
######.........%..%##
###########.#... .
#.###. ##. #.# #. ..#.
#.###. ####### #.>..
#...## #......##
#...#############.#.##
........#
#.W@.........##.#.##
.......(#
##...).#####..._..##
........# #####.#
#..#.### ........##
#.### ##...#
.........## #...##
#..## .....)[)..###
###..###...####
#......##...##
##..##.#.....
###(#######..##
##.##.##.... #.# ##..#
#.#..##>...


You could see MDvedh's ghost.

Vanquished Creatures
  An orc priest (D:3)
  Jessica (D:2)
  Terence (D:2)
  3 adders
  A giant mite (D:1)
  3 orcs
  A giant cockroach (D:3)
  5 goblins
  7 hobgoblins
  4 jackals
  11 kobolds
  3 quokkas
  6 bats
  2 giant geckos
  A giant newt (D:3)
  11 rats
61 creatures vanquished.

Notes
Turn   | Place    | Note
--------------------------------------------------------------
     0 | D:1      | MDvedh, the Deep Elf Conjurer, began the quest for the Orb.
     0 | D:1      | Reached XP level 1. HP: 10/10 MP: 5/5
   278 | D:1      | Reached XP level 2. HP: 15/15 MP: 4/8
   757 | D:1      | Reached skill level 5 in Conjurations
  1003 | D:2      | Reached XP level 3. HP: 19/19 MP: 10/12
  1034 | D:2      | Noticed Jessica
  1042 | D:2      | Killed Jessica
  1046 | D:2      | Learned a level 2 spell: Searing Ray
  1241 | D:2      | Reached XP level 4. HP: 22/24 MP: 6/15
  1681 | D:2      | Noticed Terence
  1697 | D:2      | Killed Terence
  1697 | D:2      | Reached skill level 6 in Conjurations
  2157 | D:3      | Reached XP level 5. HP: 24/28 MP: 12/18
  2402 | D:3      | Found a basalt altar of Yredelemnul.
  2469 | D:3      | Noticed MDvedh's ghost (average DrCj)
  2478 | D:3      | Slain by MDvedh's ghost

Action                   |  1- 3 |  4- 6 || total
-------------------------+-------+-------++-------
 Cast: Magic Dart        |    60 |    55 ||   115
       Searing Ray       |       |     4 ||     4
  Eat: Chunk             |     1 |     2 ||     3
       Pizza             |       |     1 ||     1
